 Dungeon Crawl Stone Soup version 0.30-a0-469-g84de5afbc5 (webtiles) character file.

Game seed: 2428692081617700948

90047 drugrobin the Warrior (level 15, 0/141 HPs)
             Began as a Demigod Delver on Dec 19, 2022.
             Slain by a redback (3 damage)
             ... in a Gauntlet.
             The game lasted 01:49:18 (24296 turns).

drugrobin the Warrior (Demigod Delver)             Turns: 24296, Time: 01:49:20

Health: 0/141      AC: 27    Str: 21    XL:     15   Next: 10%
Magic:  32/32      EV:  9    Int: 20    God:
Gold:   374        SH:  5    Dex: 14    Spells: 26/31 levels left

rFire   . . .      SeeInvis .    c - +2 short sword (venom)
rCold   . . .      Faith    .    P - +0 buckler
rNeg    . . .      Spirit   .    u - +7 chain mail of Liberty {rPois Regen+}
rPois   +          Reflect  .    k - +1 hat
rElec   +          Harm     .    (no cloak)
rCorr   +          Rampage  .    j - +0 pair of gloves
Will    ++...      NoTele   +    C - +0 pair of boots of Murio {rElec Will+ Regen+ Dex-5}
Stlth   ..........               H - amulet "Gyirutaw" {rPois Regen+ rCorr}
HPRegen 2.83/turn                z - ring of wizardry
MPRegen 0.23/turn                I - +4 ring of protection

@: lethally poisoned (0 -> -25), invisible
A: high MP 1, forlorn, divine attributes
a: no special abilities


You were in a Gauntlet.
You visited 4 branches of the dungeon, and saw 23 of its levels.
You visited 1 bazaar.
You also visited: Gauntlet.

You collected 1675 gold pieces.
You spent 1301 gold pieces at shops.

Inventory:

Hand Weapons
 a - the +9 scimitar of Qoco Wist {drain, *Noise rElec Dex+5}
   (You bought it in a shop in a bazaar)

   A truly terrible weapon, it drains the life of any living foe it strikes.
   Dex:       It affects your dexterity (+5).
   rElec:     It insulates you from electricity.
   *Noise:    It may make noises in combat.
 b - the +6 sling "Ryqemium" {elec, rCorr Int+3 Dex+4 Stlth+}
   (You bought it in a shop in a bazaar)

   Any ammunition fired from it occasionally discharges a powerful burst of
   electricity upon striking a foe.
   Int:       It affects your intelligence (+3).
   Dex:       It affects your dexterity (+4).
   rCorr:     It protects you from acid and corrosion.
   Stlth:     It makes you more stealthy.
 c - a +2 short sword of venom (weapon)
 t - a +1 scimitar of flaming
 R - the +6 falchion of the Little People {freeze, rElec rPois rF- rC+}
   (You bought it in a shop in a bazaar)

   It freezes those it strikes, dealing additional cold damage.
   It can also slow down cold-blooded creatures.
   rF:        It makes you vulnerable to fire.
   rC:        It protects you from cold.
   rElec:     It insulates you from electricity.
   rPois:     It protects you from poison.
Missiles
 s - 11 javelins (quivered)
 D - 6 curare-tipped darts
Armour
 j - a +0 pair of gloves (worn)
 k - a +1 hat (worn)
 u - the +7 chain mail of Liberty (worn) {rPois Regen+}
   (You found it on level 11 of the Dungeon)

   rPois:     It protects you from poison.
   Regen:     It increases your rate of health regeneration.
 C - the +0 pair of boots of Murio (worn) {rElec Will+ Regen+ Dex-5}
   (You found it on level 1 of the Lair of Beasts)

   Dex:       It affects your dexterity (-5).
   rElec:     It insulates you from electricity.
   Regen:     It increases your rate of health regeneration.
   Will:      It increases your willpower.
 G - a +0 helmet
 P - a +0 buckler (worn)
Jewellery
 e - a ring of protection from fire
 i - a ring of see invisible
 m - a ring of ice
 n - a ring of resist corrosion
 z - a ring of wizardry (left hand)
 H - the amulet "Gyirutaw" (around neck) {rPois Regen+ rCorr}
   (You found it on level 6 of the Dungeon)

   [amulet of regeneration]

   rPois:     It protects you from poison.
   Regen:     It increases your rate of health regeneration.
   rCorr:     It protects you from acid and corrosion.
 I - a +4 ring of protection (right hand)
Wands
 g - a wand of digging (3)
 F - a wand of roots (10)
 M - a wand of polymorph (1)
 O - a wand of flame (12)
 T - a wand of charming (11)
Scrolls
 f - a scroll of torment
 l - 13 scrolls of teleportation
 q - a scroll of magic mapping
 r - 2 scrolls of poison
 x - 3 scrolls of enchant armour
 N - 2 scrolls of blinking
 Q - a scroll of silence
 U - 6 scrolls of fog
 Z - 3 scrolls of fear
Potions
 d - 5 potions of haste
 p - 3 potions of cancellation
 v - a potion of resistance
 w - 10 potions of curing
 A - 2 potions of berserk rage
 B - 5 potions of lignification
 E - 2 potions of invisibility
 J - 10 potions of might
 K - a potion of mutation
 X - 2 potions of ambrosia {unknown}
Miscellaneous
 o - a phantom mirror
 V - a box of beasts
 W - a phial of floods


   Skills:
 - Level 15.0 Fighting
 - Level 14.0 Long Blades
 + Level 11.6 Armour
 - Level 4.0 Dodging
 - Level 4.5 Stealth
 - Level 4.0 Shields
 - Level 8.8 Spellcasting
 - Level 4.0 Evocations


You had 26 spell levels left.
You knew the following spells:

 Your Spells              Type           Power      Damage    Failure   Level
a - Foxfire               Conj/Fire      32%        2x1d5     24%         1
b - Blink                 Tloc           16%        N/A       34%         2
c - Momentum Strike       Conj/Tloc      16%        3d8       34%         2

Your spell library contained the following spells:

 Spells                   Type           Power      Damage    Failure   Level
 Kiss of Death            Conj/Necr      32%        2d7       24%         1
 Necrotise                Necr           32%        1d5       24%         1
 Sandblast                Erth           16%        2d6       24%         1
 Cigotuvi's Dreadful Rot  Necr/Pois/Air  16%        N/A       34%         2
 Passwall                 Tmut/Erth      6%         N/A       34%         2
 Poisonous Vapours        Pois/Air       16%        N/A       34%         2
 Static Discharge         Conj/Air       16%        2-3/arc   34%         2
 Confusing Touch          Hex            8%         N/A       56%         3
 Inner Flame              Hex/Fire       8%         N/A       56%         3
 Lesser Beckoning         Tloc           16%        N/A       56%         3
 Mephitic Cloud           Conj/Pois/Air  8%         N/A       56%         3
 Ozocubu's Armour         Ice            8%         N/A       56%         3
 Portal Projectile        Hex/Tloc       16%        N/A       56%         3
 Stone Arrow              Conj/Erth      16%        3d8       56%         3
 Tukima's Dance           Hex            8%         N/A       56%         3
 Vampiric Draining        Necr           8%         2d6       56%         3
 Vhi's Electric Charge    Tloc/Air       16%        N/A       56%         3
 Cause Fear               Hex            4%         N/A       91%         4
 Dispel Undead            Necr           8%         3d8       91%         4
 Leda's Liquefaction      Hex/Erth       4%         N/A       91%         4
 Agony                    Necr           8%         N/A       99%         5
 Arcjolt                  Conj/Air       4%         1d14      99%         5
 Blade Hands              Tmut           4%         N/A       99%         5
 Fireball                 Conj/Fire      4%         3d4       99%         5
 Lee's Rapid Deconstruct  Erth           4%         3d5*      99%         5
 Lightning Bolt           Conj/Air       4%         1d15      99%         5
 Starburst                Conj/Fire      4%         6d3       100%        6
 Statue Form              Tmut/Erth      5%         N/A       100%        6
 Ozocubu's Refrigeration  Ice            4%         4d8       100%        7
 Discord                  Hex            4%         N/A       100%        8


Dungeon Overview and Level Annotations

Branches:
Dungeon (15/15)            Temple (1/1) D:5            Lair (5/5) D:11
 Shoals (0/4) Lair:3       Spider (0/4) Lair:2        Slime (0/5) Lair:4
    Orc (2/2) D:12            Elf (0/3) Orc:2        Vaults (0/5) D:13
 Depths (0/4) D:15        Gauntlet (1/1)

Shops:
D:7 [*=:=   D:9 [*   D:15 !   Orc:2 [

Portals:
Trove: D:11 (give 14 potions of heal wounds)

Annotations:
D:4 Menkaure
D:9 1 runed translucent door, 2 transporters, BlueFish's ghost, novice MiFi
D:14 Josephine
Lair:5 1 runed translucent door, cforsyth's ghost, journeyman MiBe Gauntlet 6 transporters


Innate Abilities, Weirdness & Mutations

You have an increased reservoir of magic. (+10% MP)
You shall have no god before yourself.
Your divine heritage dramatically boosts your attributes as you level up.


Message History

* * * LOW HITPOINT WARNING * * *
You block the redback's attack.
Unknown command.
Unknown command.
You hit the redback.
The redback is lightly wounded.
You feel very sick.
The redback bites you but does no damage.
You block the redback's attack.
Unknown command.
You strike the helpless redback from behind!
You impale the redback!!
The redback looks as sick as possible!
The redback is heavily wounded.
You feel very sick. The redback bites you.
* * * LOW HITPOINT WARNING * * *
Unknown command.
Unknown command.
Unknown command.
Unknown command.
Unknown command.
You hit the redback.
The redback is heavily wounded.
You feel very sick. The redback bites you!
* * * LOW HITPOINT WARNING * * *
Unknown command.
Unknown command.
Unknown command.
Unknown command.
Unknown command.
Unknown command.
Unknown command.
You feel better. The redback bites you.
* * * LOW HITPOINT WARNING * * *
You are lethally poisoned!
The redback poisons you! The redback bites you!
* * * LOW HITPOINT WARNING * * *
The redback bites you.
You die...

#..#######
#..#..........##..#
#..#########..#.... #
#..#.......#..#...# .#
#..#..####)#.8#.©.# ..
#..#.##..#!#..#...##.#
#©©#.#x©#.©#.∩#.©...
#..#X#.##^x#..#.s.#
#..#.##.^xx#.8#.@.#
#..#...X.XX#..#..†#
#..#########..#.....
#..#..........##..##.#
#..#########..###.# ..
#..#......y#..≈# ## ##
#..#..#.#.[#..##
#..#..#.#..#..≈#
#.©#..#©#.§#..##


You could see a moth of wrath (unable to see you), 2 thrashing horrors, a
redback (berserk, unable to see you, extremely poisoned) and 3 small
abominations.

Vanquished Creatures
  Jorgrun (D:13)
  Roxanne (D:15)
  An ironbound preserver (D:13)
  Snorg (D:13)
  4 eidola (D:14)
  2 entropy weavers (Lair:3)
  Fannar (D:11)
  7 hydras
  An ogre mage (D:15)
  3 ghost crabs (Lair:3)
  A catoblepas (Lair:4)
  3 boulder beetles
  7 two-headed ogres
  3 death knights
  5 centaur warriors
  A merfolk avatar (Lair:5)
  An orc high priest (D:14)
  2 skeletal warriors (D:14)
  4 fire crabs (Lair:3)
  Nergalle (Lair:3)
  4 phantasmal warriors
  2 harpies (Lair:5)
  A wolf spider zombie (D:14)
  2 cyclopes (D:12)
  2 orc knights (D:14)
  6 deep elf pyromancers
  An orc sorcerer (D:15)
  10 ugly things
  9 manticores
  A moth of wrath (shapeshifter) (D:13)
  8 elephants
  A centaur zombie (D:14)
  An apocalypse crab (Lair:3)
  2 black mambas
  5 cane toads
  An eye of devastation (shapeshifter) (D:15)
  A torpor snail (Lair:4)
  10 centaur skeletons (D:14)
  3 freezing wraiths
  4 unseen horrors
  8 komodo dragons
  3 kobold demonologists
  A tengu conjurer (D:12)
  A redback zombie (D:14)
  An ice devil (Gauntlet)
  An efreet (D:13)
  6 meliai
  9 trolls
  2 slime creatures (D:15)
  5 polar bears
  6 blink frogs (Lair:5)
  A hornet (D:7)
  2 shadows (D:11)
  4 flying skulls (D:14)
  3 wraiths
  2 vampires
  5 wyverns
  A water elemental (D:11)
  A basilisk (Lair:5)
  2 humans (D:10)
  3 steam dragons
  53 yaks
  5 redbacks
  8 vampire mosquitoes
  3 wargs (D:11)
  A swamp worm (Lair:1)
  19 water moccasins
  2 acid dragons
  14 orc warriors
  2 black bears
  16 wolves
  3 ogres
  16 centaurs
  3 phantoms
  7 kobold brigands
  9 bullfrogs
  A gnoll sergeant (D:8)
  3 necrophages
  2 scorpions (D:5)
  A wight (D:8)
  8 killer bees
  2 howler monkeys (D:8)
  8 electric eels
  4 hounds
  12 jellies
  16 orc priests
  A gnoll bouda (D:8)
  3 iguanas
  21 orc wizards
  A boggart zombie (D:14)
  2 boggart skeletons (D:14)
  4 gnolls (D:8)
  3 adders
  A shadow imp (D:7)
  7 white imps
  An ufetubus (D:8)
  2 worms (D:3)
  3 dart slugs
  58 orcs
  5 bats
  7 endoplasms
  13 goblins
  11 hobgoblins
  5 quokkas
  6 ball pythons
  A frilled lizard (D:3)
  9 kobolds
  6 rats
  3 briar patches (Lair:1)
582 creatures vanquished.

Vanquished Creatures (others)
  An orc wizard (D:6)
  An orc (D:9)
  2 briar patches (Lair:1)
  63 foxfires
  21 fungi
  100 plants
188 creatures vanquished.

Grand Total: 770 creatures vanquished

Notes
Turn   | Place    | Note
-------+----------+-------------------------------------------
     0 | D:5      | drugrobin the Demigod Delver began the quest for the Orb.
     0 | D:5      | Reached XP level 1. HP: 18/18 MP: 3/3
    22 | D:5      | Noticed a hound
    80 | D:5      | Noticed a yak
    80 | D:5      | Noticed a yak
   165 | D:5      | Noticed an iguana
   287 | D:4      | Noticed Menkaure
   326 | D:4      | Noticed a hound
   337 | D:4      | Killed a hound
   338 | D:4      | Reached XP level 2. HP: 23/25 MP: 4/4
   354 | D:4      | Reached XP level 3. HP: 26/30 MP: 5/5
   361 | D:4      | HP: 1/30 [constriction (3)]
  1470 | D:2      | Reached XP level 4. HP: 37/37 MP: 6/6
  1571 | D:2      | Learned a level 1 spell: Kiss of Death
  2355 | D:3      | Reached skill level 5 in Long Blades
  2355 | D:3      | Reached XP level 5. HP: 24/41 MP: 7/7
  3588 | D:5      | Noticed a yak
  3588 | D:5      | Noticed a yak
  3743 | D:5      | Killed a yak
  3744 | D:5      | Reached skill level 1 in Evocations
  3744 | D:5      | Reached XP level 6. HP: 18/50 MP: 8/8
  4118 | D:5      | Reached XP level 7. HP: 36/56 MP: 9/9
  4326 | D:5      | Killed a yak
  4398 | D:5      | Noticed a yak
  4433 | D:5      | Killed a yak
  4701 | D:5      | Found a staircase to the Ecumenical Temple.
  4722 | Temple   | Entered the Ecumenical Temple
  4829 | D:6      | Reached XP level 8. HP: 62/62 MP: 10/10
  5117 | D:6      | Identified the amulet "Gyirutaw" {rPois Regen+ rCorr}
  5415 | D:6      | Identified the +2 dagger of Bankruptcy {vamp, rElec rN+
                  | Str+2 Dex+3}
  5513 | D:6      | Learned a level 2 spell: Blink
  5516 | D:6      | Learned a level 2 spell: Momentum Strike
  5693 | D:7      | Found Donlujot's Book Shoppe.
  5703 | D:7      | Found Xeocokomn's Jewellery Emporium.
  5756 | D:7      | Noticed a hornet
  5767 | D:7      | Killed a hornet
  5768 | D:7      | Reached skill level 3 in Fighting
  5768 | D:7      | Reached skill level 1 in Spellcasting
  5820 | D:7      | Reached skill level 10 in Long Blades
  5899 | D:7      | Reached XP level 9. HP: 70/70 MP: 14/14
  5972 | D:7      | Found Wechek's Assorted Antiques.
  5979 | D:7      | Bought a scroll labelled YMUED FYZITS for 20 gold pieces
  5979 | D:7      | Bought a buckler for 90 gold pieces
  5979 | D:7      | Bought a sapphire potion for 18 gold pieces
  5979 | D:7      | Bought a scroll labelled LADOUNGOLE for 20 gold pieces
  5987 | D:7      | Found Xedausawn's Jewellery Shoppe.
  6255 | D:7      | Found Zeuk's Antique Armour Boutique.
  6579 | D:8      | Found a runed translucent door.
  6731 | D:8      | Found a runed translucent door.
  6791 | D:8      | Reached skill level 4 in Fighting
  7144 | D:8      | Noticed a two-headed ogre
  7165 | D:8      | Killed a two-headed ogre
  7169 | D:8      | Reached skill level 5 in Fighting
  7427 | D:8      | Reached XP level 10. HP: 51/81 MP: 19/19
  7675 | D:9      | Found Biriminu's Antique Armour Shoppe.
  7717 | D:9      | Reached skill level 1 in Shields
  7766 | D:9      | Found a runed translucent door.
  7767 | D:9      | Noticed BlueFish's ghost (novice MiFi)
  7782 | D:9      | Noticed a +3 trident of chaos
  7876 | D:9      | Bought an obsidian-encrusted ring mail for 243 gold pieces
  7876 | D:9      | Identified the +4 ring mail "Qaenk" {Rampage} (You bought
                  | it in a shop on level 9 of the Dungeon)
  7980 | D:9      | Found Ratsoeme's General Store.
  8160 | D:9      | Noticed a two-headed ogre
  8201 | D:9      | Killed a two-headed ogre
  8202 | D:9      | Reached skill level 6 in Fighting
  8244 | D:9      | Noticed a two-headed ogre
  8244 | D:9      | Noticed a deep elf knight
  8247 | D:9      | Found a transporter.
  8247 | D:9      | Noticed a deep elf pyromancer
  8256 | D:9      | Found a transporter.
  8454 | D:9      | Noticed a centaur warrior
  8472 | D:9      | Killed a centaur warrior
  8869 | D:10     | Entered Level 10 of the Dungeon
  9341 | D:10     | Identified the +5 spear "Elonakhus" {drain, Drain rPois rN+
                  | rCorr}
  9473 | D:10     | Reached XP level 11. HP: 91/91 MP: 20/20
  9537 | D:10     | Reached skill level 7 in Fighting
 10209 | D:11     | Found a staircase to the Lair.
 10510 | D:11     | Noticed Fannar
 10595 | D:11     | Killed Fannar
 10963 | D:11     | Reached skill level 8 in Fighting
 11107 | D:11     | Found a portal to a secret trove of treasure.
 11122 | D:11     | Identified the +7 chain mail of Liberty {rPois Regen+}
 11219 | Lair:1   | Entered Level 1 of the Lair of Beasts
 11371 | Lair:1   | Found a transporter.
 11389 | Lair:1   | Found a transporter.
 11538 | Lair:1   | Reached skill level 1 in Armour
 12058 | Lair:2   | Reached skill level 9 in Fighting
 12086 | Lair:2   | Found a hole to the Spider Nest.
 12171 | Lair:2   | Reached XP level 12. HP: 98/104 MP: 21/21
 12354 | Lair:2   | Noticed a boulder beetle
 12380 | Lair:2   | Killed a boulder beetle
 12381 | Lair:2   | Reached skill level 5 in Armour
 12632 | Lair:2   | Noticed a six-headed hydra
 12793 | Lair:1   | Identified the +0 pair of boots of Murio {rElec Will+
                  | Regen+ Dex-5}
 13269 | D:7      | Bought a smouldering hat for 216 gold pieces
 13269 | D:7      | Identified the +1 hat "Ruineb" {rF- Int+6} (You bought it
                  | in a shop on level 7 of the Dungeon)
 13942 | D:12     | Noticed Jorgrun
 14225 | D:13     | Noticed a four-headed hydra
 14254 | D:13     | Reached skill level 10 in Fighting
 14456 | D:13     | Found a gate to the Vaults.
 14456 | D:13     | Noticed a centaur warrior
 14456 | D:13     | Noticed an ironbound preserver
 14458 | D:13     | Noticed a centaur warrior
 14484 | D:12     | Found a staircase to the Orcish Mines.
 14541 | D:13     | Noticed Snorg
 14541 | D:13     | Noticed a centaur warrior
 14594 | D:13     | Killed Snorg
 14649 | D:13     | Killed a centaur warrior
 14716 | D:13     | Noticed a boulder beetle
 14740 | D:13     | Killed a boulder beetle
 14803 | D:13     | Killed a centaur warrior
 15190 | D:13     | Killed a centaur warrior
 15191 | D:13     | Reached skill level 11 in Fighting
 15230 | D:13     | Killed an ironbound preserver
 15272 | D:13     | Killed a four-headed hydra
 15284 | D:13     | Noticed a boulder beetle
 15315 | D:13     | Reached XP level 13. HP: 116/116 MP: 23/23
 15532 | D:13     | Killed Jorgrun
 15533 | D:13     | Reached skill level 5 in Spellcasting
 16387 | Lair:3   | Noticed Nergalle
 16405 | Lair:3   | Killed Nergalle
 16441 | Lair:3   | Found a runed translucent door.
 16655 | Lair:3   | Found a staircase to the Shoals.
 17250 | Lair:3   | Reached skill level 12 in Fighting
 18463 | Lair:4   | Found a staircase to the Slime Pits.
 18739 | Lair:5   | Entered Level 5 of the Lair of Beasts
 19015 | Lair:4   | Reached skill level 13 in Fighting
 19144 | Lair:5   | Learned a level 1 spell: Foxfire
 19338 | Lair:5   | Reached XP level 14. HP: 103/129 MP: 30/30
 19624 | Lair:5   | Reached skill level 14 in Fighting
 19678 | Lair:5   | Found a runed translucent door.
 19678 | Lair:5   | Noticed cforsyth's ghost (journeyman MiBe)
 21197 | D:14     | Reached skill level 15 in Fighting
 21426 | D:14     | Noticed Josephine
 21433 | D:15     | Entered Level 15 of the Dungeon
 21489 | D:15     | Found a flickering gateway to a bazaar.
 21516 | Bazaar   | Entered a bazaar
 21516 | Bazaar   | Found Cettur's Magic Scroll Emporium.
 21516 | Bazaar   | Found Kiceiq's Distillery.
 21516 | Bazaar   | Found Zamm's Antique Weapon Shoppe.
 21516 | Bazaar   | Found Rouh's Antique Weapon Emporium.
 21516 | Bazaar   | Found Buer Hob's Magic Scroll Shoppe.
 21540 | Bazaar   | Bought a smoking scimitar for 162 gold pieces
 21540 | Bazaar   | Identified the +9 scimitar of Qoco Wist {drain, *Noise
                  | rElec Dex+5} (You bought it in a shop in a bazaar)
 21544 | Bazaar   | Bought an encrusted sling for 117 gold pieces
 21544 | Bazaar   | Identified the +6 sling "Ryqemium" {elec, rCorr Int+3 Dex+4
                  | Stlth+} (You bought it in a shop in a bazaar)
 21546 | Bazaar   | Bought 2 scrolls of enchant armour for 255 gold pieces
 21550 | Bazaar   | Bought an iridescent falchion for 160 gold pieces
 21550 | Bazaar   | Identified the +6 falchion of the Little People {freeze,
                  | rElec rPois rF- rC+} (You bought it in a shop in a bazaar)
 21645 | D:15     | Found a staircase to the Depths.
 22467 | D:14     | Reached skill level 10 in Armour
 22715 | D:15     | Noticed Roxanne
 22720 | D:15     | Paralysed by an ogre mage for 3 turns
 22864 | D:15     | Reached XP level 15. HP: 141/141 MP: 32/32
 22903 | D:15     | Found Wuzueq's Distillery.
 23302 | D:15     | Killed Roxanne
 23378 | D:14     | Identified the +1 leather armour of Fallacy {*Slow rF++
                  | Regen+ SInv}
 23484 | Orc:1    | Entered Level 1 of the Orcish Mines
 23959 | Orc:2    | Entered Level 2 of the Orcish Mines
 23959 | Orc:2    | Noticed Sonja
 23963 | Orc:2    | Sonja changed into Sonja the centaur
 23963 | Orc:2    | Noticed Sonja
 23967 | Orc:2    | Killed Sonja the centaur
 23980 | Orc:2    | Found Xaegus's Antique Armour Shop.
 23996 | Orc:2    | Found a gate leading to a gauntlet.
 24001 | Gauntlet | Entered a Gauntlet
 24001 | Gauntlet | Found a transporter.
 24001 | Gauntlet | Found a transporter.
 24002 | Gauntlet | Found a runed translucent door.
 24003 | Gauntlet | Found a transporter.
 24005 | Gauntlet | Found a transporter.
 24006 | Gauntlet | Found a transporter.
 24044 | Gauntlet | Found a transporter.
 24046 | Gauntlet | Found a transporter.
 24046 | Gauntlet | Found a transporter.
 24169 | Gauntlet | Found a transporter.
 24212 | Gauntlet | Noticed a sphinx
 24213 | Gauntlet | a sphinx changed into a fenstrider witch
 24213 | Gauntlet | Noticed a fenstrider witch (glowing shapeshifter)
 24221 | Gauntlet | Found a transporter.
 24228 | Gauntlet | Noticed a fire giant
 24230 | Gauntlet | a fire giant changed into an alligator snapping turtle
 24236 | Gauntlet | a frost giant changed into a golden dragon
 24236 | Gauntlet | Noticed a golden dragon (glowing shapeshifter)
 24237 | Gauntlet | a golden dragon changed into a quicksilver dragon
 24237 | Gauntlet | Noticed a quicksilver dragon (glowing shapeshifter)
 24242 | Gauntlet | a quicksilver dragon changed into a stone giant
 24246 | Gauntlet | an iron troll changed into a fenstrider witch
 24246 | Gauntlet | Noticed a fenstrider witch (glowing shapeshifter)
 24248 | Gauntlet | a fenstrider witch changed into a caustic shrike
 24248 | Gauntlet | Noticed a caustic shrike (glowing shapeshifter)
 24263 | Gauntlet | Found a transporter.
 24268 | Gauntlet | Identified the +0 hat of the Boiling Point {Harm}
 24286 | Gauntlet | Found a transporter.
 24289 | Gauntlet | HP: 7/141 [redback (21)]
 24295 | Gauntlet | HP: 5/141 [redback (12)]
 24296 | Gauntlet | Slain by a redback

Illustrated notes

Levels and vault maps discovered:
D:1:      dpeg_arrival_concentric_ovals, layout_rooms,
          dreamdust_ecumenical_altar_statues, minmay_misc_feat_hallway
D:2:      layout_loops_ring, minmay_tetromino_l2
D:3:      layout_loops_ring, old_standard_altar
D:4:      layout_loops_corners, uniq_menkaure
D:5:      layout_loops_ring, kennysheep_mini_moat, lemuel_temple_firewalk_b,
          nicolae_wormholes
D:6:      layout_loops_ring, doesnt_xom_only_xom
D:7:      layout_cave_pools, serial_shops, shop, shop, nicolae_shop_stone,
          nicolae_shop_statue_plus, nicolae_shop_competitors_out_of_business,
          corexii_item_surrounded_by_moat, st_stairs_2
D:8:      cheibrodos_histonic, layout_rooms, mainiacjoe_overflow_brackets,
          serial_co_window_serial, co_window_paths_b, co_window_corner_a,
          co_window_paths_b, co_window_corner_a, co_window_of_opportunity_a,
          co_window_2corner, co_window_cross_2, co_window_of_opportunity_b,
          glass_columns_a, glass_columns_a, glass_columns_a
D:9:      layout_loops_ring, gammafunk_temple_overflow_arena, ebering_ghost_xom,
          serial_shops, nicolae_take_the_stairs, kennysheep_small_spiral,
          nicolae_inconvenience_store
D:10:     layout_irregular_city, okawaru_humans
D:11:     layout_loops_ring, erik_lair_orcish_takeover, serial_bayou,
          serial_bayou_shore_b, serial_bayou_pond_a, serial_bayou_crossing,
          serial_bayou_pond_e, enter_trove_2, grunt_decor_clamped, uniq_fannar
D:12:     layout_cross, uniq_jorgrun
D:13:     layout_roguey, skrybe_vaults_entry_preservation, uniq_snorg
D:14:     hangedman_screamer, layout_irregular_city, hex_medium,
          minmay_orc_keep, uniq_josephine
D:15:     hangedman_depths_entry_try_elsewhere_first, layout_basic,
          serial_shops, bzr_entry_lakeside, nicolae_diamond_shop,
          minmay_splitting_lines, uniq_roxanne
Temple:   compressed_dpeg_circular_temple
Lair:1:   gammafunk_worm_tunnel, layout_concentric_octagons, basic_altar,
          grunt_megastairs_4
Lair:2:   layout_loops_ring, spider_nest_entry_webs,
          chequers_serial_rivers_micro_a, serial_bayou_pond_e,
          serial_bayou_pond_c, chequers_serial_rivers_small_a,
          serial_bayou_pond_a, serial_bayou_shore_a
Lair:3:   gammafunk_mikee_crab_dinner, layout_cave_pods,
          minmay_shoals_entry_centaurs, basic_altar, uniq_nergalle
Lair:4:   layout_gridlike, minmay_slime_entry_jelly_boxes, beast_lair_carwin_11
Lair:5:   gammafunk_lair_ancient_temple, layout_gridlike, ebering_ghost_xom,
          lemuel_fruit_fields
Orc:1:    layout_caves, mines1_david
Orc:2:    st_orc_open, layout_caves, enter_volcano_2, serial_shops,
          nicolae_shop_trees, gauntlet_entry_generic, uniq_sonja
Gauntlet: gammafunk_gauntlet_mixed_choke_point [minmay_gauntlet_arena_77_path,
          minmay_gauntlet_arena_77_museum, minmay_gauntlet_arena_77_two_paths,
          nicolae_gauntlet_swirl, minmay_gauntlet_arena_77_box,
          minmay_gauntlet_arena_77_hold_the_fort,
          minmay_gauntlet_arena_77_chump_sandwich, gauntlet_exit_hidden_loot]

Skill      XL: |  1  2  3  4  5  6  7  8  9 10 11 12 13 14 |
---------------+-------------------------------------------+-----
Long Blades    | 3 4 5 6 7 8 10 11 12 14 | 14.0
Evocations     | 1 2 3 4 |  4.0
Fighting       | 3 5 6 9 11 13 15 | 15.0
Spellcasting   | 1 3 4 8 |  8.8
Shields        | 3 4 |  4.0
Dodging        | 4 |  4.0
Armour         | 3 8 11 | 11.6
Stealth        | |  4.5

Action                   |  1- 3 |  4- 6 |  7- 9 | 10-12 | 13-15 || total
-------------------------+-------+-------+-------+-------+-------++-------
Melee: Falchion          |   115 |    33 |   154 |   888 |       ||  1190
       Short sword       |    10 |   153 |   151 |   380 |   103 ||   797
       Punch             |       |     5 |     2 |       |       ||     7
       Long sword        |       |       |    60 |   317 |       ||   377
       Dagger            |       |       |       |    22 |       ||    22
       Scimitar          |       |       |       |       |  1483 ||  1483
       Great sword       |       |       |       |       |    17 ||    17
       Rapier            |       |       |       |       |    26 ||    26
 Fire: Sling             |       |       |       |       |     6 ||     6
Throw: Dart              |       |    10 |     2 |     7 |     5 ||    24
       Javelin           |       |     1 |     8 |    10 |     7 ||    26
 Cast: Kiss of Death     |       |     1 |       |       |       ||     1
       Momentum Strike   |       |       |       |     1 |     5 ||     6
       Foxfire           |       |       |       |       |    35 ||    35
Evoke: Wand              |       |       |    14 |    15 |     5 ||    34
       Phantom mirror    |       |       |       |     1 |       ||     1
  Use: Scroll            |     1 |     1 |       |    22 |    11 ||    35
       Potion            |     1 |     1 |       |     2 |     6 ||    10
 Stab: Sleeping          |     4 |     6 |     1 |       |       ||    11
       Distracted        |       |       |       |     2 |       ||     2
       Invisible         |       |       |       |       |     1 ||     1
Armor: Leather armour    |    45 |     7 |       |       |       ||    52
       Ring mail         |       |    48 |   198 |   228 |       ||   474
       Chain mail        |       |       |       |   375 |  1273 ||  1648
Dodge: Dodged            |   102 |    68 |   201 |   567 |   705 ||  1643
Block: Buckler           |       |       |    19 |   340 |   439 ||   798

Table legend: (Time is in decaauts)
 A = Elapsed time spent in this place.
 B = Non-inter-level travel time spent in this place.
 C = Inter-level travel time spent in this place.
 D = Time resting spent in this place.
 E = Time spent auto-exploring this place.
 F = Levels seen in this place.
 G = Mean time per level.
                   A        B        C        D        E       F      G
               +--------+--------+--------+--------+--------+-----+--------+
         Total |  23309 |  21768 |   1541 |   1737 |  11710 |  25 |  932.4 |
       Dungeon |  16665 |  15643 |   1022 |   1518 |   8344 |  15 | 1111.0 |
        Temple |      1 |      1 |      0 |      0 |      0 |   1 |    1.0 |
          Lair |   5821 |   5317 |    504 |    212 |   3106 |   5 | 1164.2 |
  Orcish Mines |    505 |    491 |     14 |      7 |    260 |   2 |  252.5 |
        Bazaar |     43 |     43 |      0 |      0 |      0 |   1 |   43.0 |
      Gauntlet |    271 |    271 |      0 |      0 |      0 |   1 |  271.0 |
               +--------+--------+--------+--------+--------+-----+--------+

Top non-repeatable levels by time:
    D:13: 1843 daAuts
    D:11: 1588 daAuts
    D:14: 1477 daAuts
     D:9: 1391 daAuts
     D:5: 1383 daAuts
  Lair:3: 1338 daAuts
     D:8: 1319 daAuts
  Lair:5: 1206 daAuts
  Lair:2: 1191 daAuts
  Lair:4: 1155 daAuts
     D:4: 1151 daAuts
    D:15: 1136 daAuts
    D:10: 943 daAuts
  Lair:1: 929 daAuts
     D:6: 843 daAuts
